 Dungeon Crawl Stone Soup version 0.28-a0-1080-g05a166d0ed (webtiles) character file.

Game seed: 4146825662641464577

229 garbled the Grave Robber (level 6, 0/45 HPs)
             Began as a Vine Stalker Necromancer on Dec 9, 2021.
             Succumbed to a hornet's poison
             ... on level 4 of the Dungeon.
             The game lasted 00:08:15 (3164 turns).

garbled the Grave Robber (Vine Stalker Necromancer) Turns: 3164, Time: 00:08:15

Health: 0/45       AC:  5    Str: 11    XL:     6   Next: 3%
Magic:  5/11       EV: 11    Int: 17    God:
Gold:   176        SH:  0    Dex: 14    Spells: 6/11 levels left

rFire   . . .      SeeInvis .   c - +0 flail
rCold   . . .      Faith    .   (no shield)
rNeg    . . .      Spirit   +   d - +0 ring mail
rPois   .          Reflect  .   (no helmet)
rElec   .          Harm     .   (no cloak)
rCorr   .          Rampage  .   (no gloves)
Will    .....                   (no boots)
Stlth   ..........              h - amulet of the acrobat
HPRegen 0.95/turn               (no ring)
MPRegen 0.12/turn               (no ring)

@: berserking, lethally poisoned (0 -> -3), slowed
A: fangs 2, regeneration 1, magic shield, antimagic bite, no potion heal 2
a: no special abilities


You were on level 4 of the Dungeon.
You visited 1 branch of the dungeon, and saw 4 of its levels.

You collected 176 gold pieces.

Inventory:

Hand Weapons
 c - a +0 flail (weapon)
Missiles
 f - 157 stones
Armour
 a - a +0 robe
 d - a +0 ring mail (worn)
Jewellery
 h - an amulet of the acrobat (around neck)
 k - an amulet of faith
Scrolls
 e - 3 scrolls of identify {unknown}
 j - 2 scrolls of teleportation {unknown}
 l - a scroll of brand weapon {unknown}
 n - a scroll of enchant armour {unknown}
 o - 2 scrolls of holy word {unknown}
Potions
 b - a potion of berserk rage
 g - 2 potions of might {unknown}
 i - 2 potions of curing {unknown}
 m - 5 potions of mutation {unknown}


   Skills:
 + Level 2.1 Fighting
 + Level 2.5 Dodging
 + Level 4.1 Stealth
 + Level 3.2 Spellcasting
 + Level 4.7 Necromancy


You had 6 spell levels left.
You knew the following spells:

 Your Spells              Type           Power      Damage    Failure   Level
a - Pain                  Necr           72%        1d7       6%          1
b - Animate Skeleton      Necr           36%        N/A       6%          1
c - Vampiric Draining     Necr           18%        2d7       19%         3

Your spell library contained the following spells:

 Spells                   Type           Power      Damage    Failure   Level
 Slow                     Hex            8%         N/A       38%         1
 Animate Dead             Necr           9%         N/A       52%         4
 Confusing Touch          Hex            2%         N/A       77%         3
 Agony                    Necr           18%        N/A       86%         5
 Yara's Violent Unravell  Hex/Tmut       1%         3d3       100%        5


Dungeon Overview and Level Annotations

Branches:
Dungeon (4/15)
 Temple: D:4-7

Altars:

Shops:
D:2 (


Innate Abilities, Weirdness & Mutations

You have extremely sharp teeth.
Your natural rate of healing is unusually fast.
When hurt, damage is shared between your health and your magic reserves.
Your bite disrupts and absorbs the magic of your enemies.
Potions cannot restore your health.


Message History

Robin closely misses you.
You sock Robin!
Robin is heavily wounded.
Robin hits you with a +1 trident of venom.
You are poisoned.
You sock Robin!
You kill Robin!
You feel very sick.
You have reached level 6!
You feel sick. The hornet completely misses you. x2
You feel sick. The hornet stings you!
You are more poisoned.
You feel yourself slow down.
You feel very sick. The hornet barely misses you. The hornet stings you.
* * * LOW HITPOINT WARNING * * *
You feel as though you will be slow longer.
You feel very sick. The hornet stings you.
* * * LOW HITPOINT WARNING * * *
You are lethally poisoned!
You suddenly lose the ability to move!
You can move again.
A red film seems to cover your vision as you go berserk!
You feel yourself moving faster!
You feel mighty!
* * * LOW HITPOINT WARNING * * *
You feel very sick. The hornet stings you.
* * * LOW HITPOINT WARNING * * *
You feel as though you will be slow longer.
The hornet barely misses you.
You are too berserk!
You are too berserk!
You closely miss the hornet.
* * * LOW HITPOINT WARNING * * *
You feel very sick. The hornet closely misses you. x2
You sock the hornet!
The hornet is moderately wounded.
You die...

#...............#
###.#..........##
#.#........).#
#.#..........# #.#
#.#..........# ..
#.#..........# #.#
#.#####...#### #.. #.#
#...# ######.## #@# #...#
........#####y#####..†####
.........)......)........#
gg.............)......[..#
g......#.................#
.......#.................#
.......#.####............#
.......#.# #....#########
.......#.. #....#


You could see a hornet.

Vanquished Creatures
  A necrophage (D:4)
  A hound (D:4)
  Jessica (D:2)
  Robin (D:4)
  2 adders
  A dart slug (D:1)
  4 ball pythons
  An endoplasm (D:2)
  A giant cockroach (D:2)
  9 goblins
  10 hobgoblins
  6 jackals
  2 quokkas (D:1)
  5 bats
  5 frilled lizards
  5 kobolds
  3 rats
58 creatures vanquished.

Vanquished Creatures (collateral kills)
  A ball python (D:1)
  A hobgoblin (D:1)
  A frilled lizard (D:1)
3 creatures vanquished.

Vanquished Creatures (others)
  3 plants (D:1)
3 creatures vanquished.

Grand Total: 64 creatures vanquished

Notes
Turn   | Place    | Note
-------+----------+-------------------------------------------
     0 | D:1      | garbled the Vine Stalker Necromancer began the quest for
                  | the Orb.
     0 | D:1      | Reached XP level 1. HP: 9/9 MP: 4/4
   138 | D:1      | Learned a level 1 spell: Animate Skeleton
   371 | D:1      | Reached XP level 2. HP: 14/14 MP: 6/6
   622 | D:1      | Found a faded altar of an unknown god.
  1165 | D:1      | Reached XP level 3. HP: 15/17 MP: 3/7
  1342 | D:2      | Learned a level 3 spell: Vampiric Draining
  1397 | D:2      | Noticed Jessica
  1401 | D:2      | Killed Jessica
  1402 | D:2      | Reached skill level 1 in Fighting
  1678 | D:2      | Gained mutation: Your natural rate of healing is unusually
                  | fast. [Vine Stalker growth]
  1678 | D:2      | Reached XP level 4. HP: 20/22 MP: 9/9
  1830 | D:2      | Found Bufopyth's Weapon Boutique.
  2922 | D:4      | Reached XP level 5. HP: 22/25 MP: 4/10
  2982 | D:4      | Noticed a necrophage
  2998 | D:4      | Killed a necrophage
  3066 | D:4      | Noticed Robin
  3068 | D:4      | Noticed a hornet
  3157 | D:4      | Killed Robin
  3158 | D:4      | Reached XP level 6. HP: 25/30 MP: 11/11
  3161 | D:4      | Paralysed by a hornet for 1 turns
  3163 | D:4      | HP: 2/45 [poisoned by a hornet]
  3164 | D:4      | Succumbed to a hornet's poison

Illustrated notes

Levels and vault maps discovered:
D:1:      enne_arrival_octagon_isle, layout_loops_ring,
          dilly_ecumenical_altar_fadedgnrine, minmay_statues_item
D:2:      layout_basic, serial_shops, nicolae_shop_waterfront, minmay_tall_x,
          uniq_jessica
D:3:      layout_loops_cross
D:4:      layout_basic, uniq_robin

Skill      XL: |  1  2  3  4  5 |
---------------+----------------+-----
Fighting       | 1 2 |  2.1
Dodging        | 2 |  2.5
Stealth        | 3 4 |  4.1
Spellcasting   | 3 |  3.2
Necromancy     | |  4.7

Action                   |  1- 3 |  4- 6 || total
-------------------------+-------+-------++-------
Melee: Flail             |    61 |    70 ||   131
       Bite              |    17 |    14 ||    31
 Cast: Pain              |    16 |    21 ||    37
       Animate Skeleton  |     8 |     2 ||    10
  Use: Potion            |       |     2 ||     2
Armor: Ring mail         |    24 |    32 ||    56
Dodge: Dodged            |    47 |    86 ||   133

Table legend: (Time is in decaauts)
 A = Elapsed time spent in this place.
 B = Non-inter-level travel time spent in this place.
 C = Inter-level travel time spent in this place.
 D = Time resting spent in this place.
 E = Time spent auto-exploring this place.
 F = Levels seen in this place.
 G = Mean time per level.
                   A        B        C        D        E       F      G
               +--------+--------+--------+--------+--------+-----+--------+
         Total |   3228 |   3082 |    146 |     10 |   2433 |   4 |  807.0 |
       Dungeon |   3228 |   3082 |    146 |     10 |   2433 |   4 |  807.0 |
               +--------+--------+--------+--------+--------+-----+--------+

Top non-repeatable levels by time:
     D:1: 1308 daAuts
     D:2: 1064 daAuts
     D:3: 578 daAuts
     D:4: 277 daAuts
